 Dungeon Crawl Stone Soup version 0.20-a0-760-g49f5558 (webtiles) character file.

291 polly the Bolt Thrower (level 6, -1/46 HPs)
             Began as a Demonspawn Hunter on Feb 25, 2017.
             Slain by an orc
             ... wielding a +0 flail
              (8 damage)
             ... on level 3 of the Dungeon.
             The game lasted 00:06:57 (4280 turns).

polly the Bolt Thrower (Demonspawn Hunter)          Turns: 4280, Time: 00:06:57

Health: -1/46      AC:  4    Str: 13 (15) XL:     6   Next: 10%
Magic:  6/6        EV: 12    Int: 11 (12) God:
Gold:   195        SH:  0    Dex: 11 (13) Spells: 5/5 levels left

rFire    + + .     SeeInvis .   a - +1 hand crossbow
rCold    + + .     Gourm    .   c - +1 leather armour
rNeg     . . .     Faith    .   (no shield)
rPois    .         Spirit   .   (no helmet)
rElec    .         Reflect  .   (no cloak)
rCorr    .         Harm     .   (no gloves)
MR       .....                  (no boots)
Stlth    ++........             o - amulet of regeneration
Regen    0.6/turn               (no ring)
MPRegen  0.1/turn               e - ring of protection from fire

@: no status effects
A: claws 1, cold resistance 2, fire resistance 1, nightstalker 1, powered by
pain 1, wild magic 1
a: no special abilities


You were on level 3 of the Dungeon.
You were not hungry.

You visited 1 branch of the dungeon, and saw 4 of its levels.

You collected 195 gold pieces.

Inventory:

Hand Weapons
 a - a +1 hand crossbow (weapon)
Missiles
 d - 12 bolts (quivered)
Armour
 c - a +1 leather armour (worn)
Jewellery
 e - a ring of protection from fire (left claw)
 o - an amulet of regeneration (around neck)
Scrolls
 b - a scroll of enchant weapon {unknown}
 m - a scroll of remove curse
 n - a scroll of enchant armour
 t - a scroll of identify {unknown}
Potions
 g - 2 potions of degeneration
Comestibles
 f - 2 bread rations
 i - a royal jelly
 q - 2 meat rations


   Skills:
 + Level 2.4 Fighting
 + Level 4.4 Crossbows
 + Level 2.3 Armour
 + Level 2.6 Dodging
 + Level 1.3 Stealth
 * Level 3.0 Unarmed Combat


You had 5 spell levels left.
You didn't know any spells.

Dungeon Overview and Level Annotations

Branches:
Dungeon (4/15)
 Temple: D:4-7

Altars:
Gozag
Makhleb
Ru
Vehumet

Annotations:
D:3 coolguy69's ghost, amateur HOFE
D:4 1 runed door


Innate Abilities, Weirdness & Mutations

You have sharp fingernails.
You are slightly more attuned to the shadows.
You sometimes gain a little power by taking damage.
Your flesh is very cold resistant. (rC++)
Your flesh is heat resistant. (rF+)
Your spells are a little harder to cast, but a little more powerful.


Message History

* * * LOW HITPOINT WARNING * * *
The orc throws a tomahawk.
The tomahawk hits you but does no damage.
You see here a tomahawk.
The orc hits you with a flail!
* * * LOW HITPOINT WARNING * * *
There is a stone staircase leading up here.
You climb upwards.
Level annotation: coolguy69's ghost, amateur HOFE
There is a stone staircase leading down here.
Sorry, you're not good enough to have a special ability.
Wield which item (- for none, * to show all)? (? for menu, Esc to quit)
a - a +1 hand crossbow (weapon)
The orc completely misses you.
Firing (i - inventory):
d - 13 bolts (quivered)
Press: ? - help, Shift-Dir - straight line, f - orc
Aim: an orc, wielding a flail and wearing a leather armour You shoot a bolt.
The bolt closely misses the orc.
The orc hits you with a flail!
You die...

#.# #...# #.......### #.#
##### #........(. #.#
#######.... ##.##########
#....
#...........###########....
###...#..##.................
#.....#..##.################
#.....#..##.##############
#.....#..##@.......รท.....#
###...#.....o.....######.##
#...##.##.#####^# #....#
#...##.##.# #.# #....##
#...##.##.# #.# #...).#
#...##.##.# #.# #...#.#
#...##.##.#####.# #...#..
#.............#.# #...##.
#.#.##.##.##.##.#########.


You could see an orc.

Vanquished Creatures
  A crimson imp (D:3)
  A hound (D:3)
  3 orc wizards
  4 adders
  2 dart slugs
  3 leopard geckos
  6 orcs
  4 giant cockroaches
  8 goblins
  6 hobgoblins
  4 jackals (D:1)
  8 kobolds
  A quokka (D:2)
  2 ball pythons (D:2)
  6 bats
  8 frilled lizards
  10 rats
77 creatures vanquished.

Vanquished Creatures (others)
  An orc wizard (D:4)
1 creature vanquished.

Grand Total: 78 creatures vanquished

Notes
Turn   | Place    | Note
-------+----------+-------------------------------------------
     0 | D:1      | polly the Demonspawn Hunter began the quest for the Orb.
     0 | D:1      | Reached XP level 1. HP: 16/16 MP: 1/1
     1 | D:1      | Found an opulent altar of Gozag.
   215 | D:1      | Reached skill level 4 in Crossbows
   215 | D:1      | Gained mutation: You have sharp fingernails. [demonic ancestry]
   215 | D:1      | Reached XP level 2. HP: 22/22 MP: 2/2
  1312 | D:2      | Reached skill level 1 in Stealth
  1334 | D:2      | Reached XP level 3. HP: 16/27 MP: 3/3
  1950 | D:2      | Reached skill level 1 in Unarmed Combat
  2056 | D:2      | Reached XP level 4. HP: 25/33 MP: 4/4
  2169 | D:2      | Reached skill level 1 in Armour
  2235 | D:2      | Found a radiant altar of Vehumet.
  2350 | D:2      | Found a sacrificial altar of Ru.
  2709 | D:3      | Noticed coolguy69's ghost (amateur HOFE)
  3184 | D:3      | Found a burning altar of Makhleb.
  3185 | D:3      | Gained mutation: You sometimes gain a little power by taking damage. [demonic ancestry]
  3185 | D:3      | Reached XP level 5. HP: 38/38 MP: 5/5
  3647 | D:4      | Noticed an ogre
  3708 | D:3      | Gained mutation: Your flesh is cold resistant. (rC+) [potion of mutation]
  3708 | D:3      | Gained mutation: Your flesh is very cold resistant. (rC++) [potion of mutation]
  3708 | D:3      | Gained mutation: Your spells are a little harder to cast, but a little more powerful. [potion of mutation]
  3708 | D:3      | Gained mutation: Your flesh is heat resistant. (rF+) [potion of mutation]
  3910 | D:4      | Found a runed door.
  4130 | D:4      | Gained mutation: You are slightly more attuned to the shadows. [demonic ancestry]
  4130 | D:4      | Reached XP level 6. HP: 31/46 MP: 6/6
  4280 | D:3      | Slain by an orc

Vault maps used:
D:1:      sevenhm_arrival_forest_fort_small_6
D:2:      nicolae_ru_sacrificial_ziggurat, vehumet_crystals, first_bread,
          kennysheep_crisscross
D:3:      makhleb_grotto_becter
D:4:      marbit_many_paths, minmay_temple_entry_nine_rooms,
          evilmike_ruin_ashenzari, uniq_crazy_yiuf_cottage

Skill      XL: |  1  2  3  4  5  6 |
---------------+-------------------+-----
Crossbows      | 4 |  4.4
Stealth        | 1 |  1.3
Dodging        | 2 |  2.6
Unarmed Combat | 1 2 3 |  3.0
Armour         | 1 2 |  2.3
Fighting       | |  2.4

Action                   |  1- 3 |  4- 6 || total
-------------------------+-------+-------++-------
Melee: Unarmed           |   152 |   153 ||   305
       Punch             |       |     1 ||     1
 Fire: Hand crossbow     |    12 |    36 ||    48
  Use: Scroll            |       |     7 ||     7
       Potion            |       |     4 ||     4
 Stab: Sleeping          |     1 |     2 ||     3
       Distracted        |       |     1 ||     1
  Eat: Chunk             |     3 |     8 ||    11
Armor: Leather armour    |    51 |    40 ||    91
Dodge: Dodged            |   147 |   104 ||   251
